Map: Heavy Artillery LE

Players

Tang

  • Race: Protoss Protoss
  • Spawn Location: 1:00

XBadBoyX

  • Race: Zerg Zerg
  • League: Silver
  • Spawn Location: 3:00

Ekelpack - Winner!

  • Race: Zerg Zerg
  • Spawn Location: 7:00

Nyck - Winner!

  • Race: Terran Terran
  • Spawn Location: 7:00

VOD

Have the link to the VOD?

Description

Time

  • Played on: Nov. 1, 2020, 10:10 a.m.
  • Length: 14:24
Show
View Real Time Build Order
Export as new Build Order

Tang Protoss 

Build Orders:  

Get SALT Encoding   

  12  0:00  Probe (Chrono Boost)  
  13  0:13  Pylon  
  13  0:16  Probe (Chrono Boost)  
  14  0:27  Probe  
  15  0:39  Gateway  
  15  0:40  Probe  
  16  0:46  Assimilator  
  16  0:52  Probe  
  17  1:05  Probe  
  17  1:08  Gateway  
  18  1:17  Probe  
  19  1:29  Probe  
  19  1:32  Cybernetics Core  
  20  1:34  Zealot, Pylon  
  22  1:43  Probe  
  22  1:44  Assimilator  
  23  1:55  Probe  
  23  1:59  Forge  
  24  2:07  Probe  
  25  2:13  Stalker  
  25  2:14  Stalker  
  29  2:20  Probe  
  30  2:28  Pylon  
  30  2:32  Probe  
  31  2:46  Stalker, Probe  
  34  2:52  Photon Cannon  
  34  3:02  Stalker  
  34  3:05  Warp Gate (Chrono Boost)  
  36  3:21  Probe  
  37  3:32  Stalker  
  39  3:41  Robotics Facility  
  39  3:43  Pylon  
  39  3:44  Gateway  
  39  3:50  Gateway  
  39  4:13  Stalker x2  
  43  4:18  Probe  
  44  4:30  Probe  
  35  5:11  Immortal  
  39  5:24  Nexus  
  39  5:26  Probe  
  39  5:28  Stalker x2  
  42  5:30  Stalker  
  46  5:38  Probe, Pylon  
  46  5:41  Pylon  
  47  5:43  Pylon  
  47  5:47  Photon Cannon  
  47  5:57  Stalker  
  47  5:59  Stalker  
  47  6:01  Probe  
  50  6:22  Photon Cannon  
  50  6:23  Probe  
  50  6:24  Photon Cannon  
  51  6:35  Probe  
  51  6:36  Stalker  
  51  6:39  Stalker  
  56  6:42  Probe  
  53  6:59  Stalker x2  
  56  7:14  Photon Cannon  
  56  7:16  Photon Cannon  
  56  7:25  Twilight Council  
  56  7:30  Photon Cannon  
  56  7:31  Shield Battery  
  56  7:34  Shield Battery  
  56  7:37  Probe (Chrono Boost)  
  57  7:47  Probe (Chrono Boost)  
  59  7:52  Observer, Probe  
  60  8:00  Photon Cannon  
  60  8:02  Photon Cannon  
  60  8:08  Shield Battery  
  60  8:11  Shield Battery  
  60  8:13  Shield Battery, Probe  
  60  8:19  Zealot  
  63  8:25  Zealot x2, Probe  
  46  8:54  Stalker  
  46  8:55  Stalker x3  
  50  9:13  Probe  
  50  9:16  Immortal  
  55  9:25  Probe  
  55  9:30  Nexus  
  56  9:32  Stalker x2  
  56  9:35  Probe  
  56  9:37  Probe  
  62  9:48  Probe  
  63  9:53  Stalker x2  
  63  9:55  Stalker  
  63  9:59  Assimilator  
  69  10:03  Assimilator  
  69  10:16  Photon Cannon  
  69  10:21  Photon Cannon  
  69  10:27  Probe (Chrono Boost)  
  69  10:28  Probe (Chrono Boost)  
  71  10:37  Protoss Shields Level 1 (Chrono Boost)  
  71  10:38  Forge  
  71  10:39  Probe (Chrono Boost)  
  71  10:41  Probe (Chrono Boost)  
  73  10:44  Probe (Chrono Boost)  
  73  10:49  Stalker x3, Probe  
  81  10:50  Stalker  
  83  11:01  Assimilator  
  83  11:03  Assimilator  
  83  11:05  Blink (Chrono Boost)  
  83  11:14  Protoss Ground Weapons Level 1 (Chrono Boost)  
  83  11:17  Stalker x2, Dark Shrine  
  87  11:20  Stalker  
  87  11:22  Zealot  
  91  11:28  Probe (Chrono Boost)  
  92  11:38  Probe (Chrono Boost)  
  95  11:40  Probe (Chrono Boost)  
  95  11:42  Observer  
  95  11:43  Probe (Chrono Boost)  
  96  11:47  Probe  
  97  11:59  Probe  
  98  12:10  Immortal  
  94  12:26  Zealot x3  
  94  12:27  Zealot  
  62  12:50  Stargate  
  55  12:52  Stargate  
  55  12:53  Stalker  
  55  12:54  Stalker x3  
Show
View Real Time Build Order
Export as new Build Order

XBadBoyX Zerg 

Build Orders: Pool First 

Get SALT Encoding   

  12  0:00  Drone  
  13  0:13  Overlord  
  13  0:19  Drone  
  14  0:32  Extractor  
  14  0:33  Drone x2  
  15  0:48  Spawning Pool, Drone  
  15  0:52  Drone  
  16  0:59  Drone  
  17  1:23  Hatchery  
  16  1:29  Drone x2  
  18  1:34  Drone  
  19  1:45  Queen  
  21  1:52  Overlord  
  21  1:59  Spore Crawler  
  20  2:05  Drone, Zergling x2  
  22  2:15  Drone, Baneling Nest  
  22  2:23  Metabolic Boost  
  22  2:27  Zergling x2  
  23  2:39  Zergling x4  
  25  2:46  Drone  
  26  3:00  Lair  
  26  3:01  Drone x2  
  26  3:02  Zergling x4  
  26  3:04  Zergling x2  
  31  3:11  Spore Crawler  
  31  3:12  Drone  
  31  3:20  Spore Crawler  
  31  3:22  Drone  
  31  3:31  Queen  
  33  3:44  Evolution Chamber  
  33  3:45  Drone x3  
  35  3:50  Extractor  
  35  3:53  Extractor  
  35  3:55  Drone  
  34  3:56  Drone  
  34  3:57  Drone  
  35  4:20  Zergling x2  
  35  4:23  Overlord x2  
  35  4:24  Overlord x2  
  35  4:46  Spire  
  35  4:48  Hydralisk Den  
  32  4:57  Zergling x2  
  32  4:58  Zergling x10  
  34  5:12  Spore Crawler  
  33  5:17  Spore Crawler  
  33  5:18  Drone x3  
  33  5:19  Spore Crawler  
  34  5:31  Nydus Network  
  34  5:32  Overseer  
  33  5:38  Pneumatized Carapace  
  33  5:42  Drone  
  34  5:45  Drone  
  35  5:59  Baneling x5  
  35  6:03  Drone x2  
  37  6:05  Drone  
  37  6:07  Drone  
  39  6:11  Baneling  
  39  6:12  Baneling  
  39  6:14  Zergling x2  
  40  6:32  Drone x3  
  43  6:33  Centrifugal Hooks  
  43  6:38  Drone, Spore Crawler  
  43  6:41  Drone  
  44  6:48  Drone x2, Extractor  
  44  6:52  Zergling x2  
  44  6:53  Zergling x2  
  47  7:05  Spore Crawler  
  46  7:09  Spore Crawler  
  46  7:11  Spore Crawler  
  44  7:18  Drone x3  
  47  7:32  Spore Crawler  
  47  7:35  Zergling x2  
  47  7:36  Zergling x8  
  51  7:47  Zergling x6  
  54  7:53  Drone x4  
  54  7:54  Drone, Grooved Spines  
  59  8:00  Drone x2  
  61  8:09  Evolution Chamber  
  61  8:11  Baneling x5  
  61  8:12  Baneling  
  60  8:41  Nydus Canal  
  60  8:49  Zergling x6  
  60  8:50  Zergling x10  
  68  9:00  Overlord x4  
  53  9:14  Zergling x2  
  53  9:15  Zergling x4  
  53  9:48  Zergling x2, Mutalisk x5  
  64  9:55  Zerg Flyer Armor Level 1  
  64  10:00  Hatchery  
  64  10:05  Extractor  
  64  10:06  Hatchery, Extractor  
  60  10:11  Mutalisk x2  
  60  10:12  Mutalisk  
  66  10:23  Extractor  
  66  10:24  Drone x2  
  66  10:28  Drone  
  68  10:29  Drone  
  68  10:34  Spire  
  68  10:36  Drone x3  
  67  10:54  Mutalisk x3  
  67  10:56  Mutalisk  
  75  11:04  Drone x3  
  78  11:18  Drone x4  
  81  11:19  Drone x2  
  81  11:23  Drone x2  
  86  11:30  Queen  
  88  11:41  Drone  
  88  11:42  Drone  
  88  11:45  Drone x4  
  88  11:46  Drone  
  95  11:51  Zerg Flyer Weapons Level 1  
  95  11:58  Zerg Flyer Armor Level 2  
  92  12:11  Spore Crawler  
  92  12:13  Corruptor x2  
  89  12:33  Corruptor  
  89  12:34  Corruptor x4  
  76  12:55  Corruptor x5  
  86  13:08  Corruptor x4  
  86  13:09  Corruptor x3  
  100  13:14  Mutalisk  
  101  13:20  Mutalisk x2  
  101  13:24  Zergling x2, Overlord x4  
Show
View Real Time Build Order
Export as new Build Order

Ekelpack Zerg - Winner!

Build Orders: Hatch First, Brood Lord Corruptor 

Get SALT Encoding   

  12  0:00  Drone  
  13  0:14  Overlord  
  13  0:16  Drone  
  14  0:33  Drone  
  15  0:46  Hatchery  
  15  0:49  Drone  
  15  0:54  Drone  
  16  0:57  Drone  
  17  1:12  Spawning Pool  
  17  1:14  Drone  
  17  1:18  Drone  
  17  1:25  Drone, Extractor  
  18  1:34  Overlord  
  18  1:47  Drone  
  19  1:59  Queen x2  
  23  2:02  Drone  
  23  2:05  Drone  
  25  2:10  Drone  
  26  2:16  Drone x2  
  26  2:20  Overlord  
  28  2:32  Drone x2  
  30  2:42  Drone x2  
  32  2:45  Extractor  
  32  2:48  Drone  
  32  2:53  Drone  
  33  2:58  Extractor  
  33  3:03  Drone x2, Extractor  
  33  3:06  Queen  
  33  3:07  Hatchery  
  33  3:09  Drone x2  
  36  3:15  Drone  
  36  3:19  Drone  
  38  3:21  Drone  
  38  3:22  Drone  
  40  3:27  Lair  
  40  3:38  Drone x3  
  43  3:54  Zergling x2  
  43  3:55  Overlord x2  
  44  4:14  Metabolic Boost  
  44  4:18  Zergling x6  
  44  4:19  Zergling x12  
  44  4:20  Zergling x4  
  54  4:43  Spire  
  54  4:45  Overlord x2  
  53  4:58  Overlord  
  50  5:12  Overlord x2  
  50  5:15  Drone x3  
  53  5:24  Overlord  
  53  5:29  Drone  
  54  5:52  Overlord  
  54  5:57  Mutalisk x2  
  54  5:58  Mutalisk x8  
  54  5:59  Mutalisk x2  
  54  6:02  Mutalisk  
  80  6:17  Hatchery  
  79  6:29  Zergling x10  
  84  6:33  Infestation Pit  
  84  6:35  Zerg Flyer Weapons Level 1  
  84  6:36  Zergling x2  
  84  6:37  Zergling x6, Mutalisk x2  
  91  6:47  Overlord  
  91  7:04  Mutalisk  
  91  7:05  Mutalisk  
  90  7:15  Zergling x6  
  88  7:23  Zergling x6  
  88  7:28  Hive  
  89  7:43  Drone  
  89  7:44  Drone x6  
  92  7:45  Drone x2, Queen  
  100  8:00  Drone  
  100  8:01  Drone x2, Extractor  
  102  8:06  Drone x3  
  105  8:21  Overlord x2  
  105  8:22  Overlord  
  105  8:30  Drone  
  105  8:31  Drone, Extractor  
  100  8:51  Overlord x3  
  75  9:13  Drone  
  75  9:14  Drone x4  
  77  9:17  Greater Spire  
  77  9:21  Zergling x12  
  83  9:30  Drone x2  
  85  9:40  Queen  
  85  9:42  Queen  
  89  9:46  Corruptor x3  
  89  9:47  Corruptor x6  
  89  9:49  Zergling x4  
  89  9:50  Zergling x4  
  107  10:48  Zergling x10  
  111  10:58  Mutalisk x6  
  111  10:59  Mutalisk x2  
  111  11:01  Brood Lord x6  
  111  11:02  Brood Lord x3  
  145  11:05  Zergling x12  
  145  11:06  Zergling x10  
  156  11:11  Evolution Chamber  
  156  11:14  Overlord, Evolution Chamber  
  154  11:34  Corruptor, Mutalisk  
  154  11:35  Corruptor x2  
  162  11:46  Zerg Melee Weapons Level 1, Zerg Ground Armor Level 1  
  158  12:24  Zergling x12  
  158  12:28  Corruptor x3  
  158  12:29  Corruptor  
  152  12:38  Mutalisk x2  
  152  12:39  Corruptor x3  
  158  12:51  Zergling x2  
  158  12:52  Zergling x6  
  158  12:57  Mutalisk  
  154  13:07  Corruptor  
  154  13:18  Zergling x10  
  159  13:20  Zergling x8  
  163  13:30  Overlord x2  
  163  13:31  Overlord x4  
Show
View Real Time Build Order
Export as new Build Order

Nyck Terran - Winner!

Build Orders:  

Get SALT Encoding   

  12  0:00  SCV  
  13  0:12  SCV  
  14  0:20  Supply Depot  
  14  0:26  SCV  
  15  0:41  SCV  
  16  0:46  Barracks  
  16  0:57  SCV  
  16  0:59  Refinery  
  17  1:10  SCV, Refinery  
  19  1:25  SCV  
  19  1:37  Barracks  
  19  1:39  Reaper  
  20  1:42  Orbital Command  
  20  1:52  Supply Depot  
  20  2:10  SCV  
  20  2:14  Reaper  
  22  2:18  Factory  
  22  2:24  SCV  
  22  2:26  Barracks  
  22  2:27  Reaper  
  24  2:36  SCV  
  25  2:46  Reaper  
  25  2:49  SCV  
  27  2:57  Engineering Bay  
  27  2:59  Supply Depot, Reaper  
  28  3:06  Starport  
  28  3:10  SCV  
  29  3:18  Barracks Tech Lab  
  29  3:26  Armory  
  29  3:30  Missile Turret  
  29  3:33  SCV  
  30  3:45  SCV, Marauder  
  30  3:46  Marine  
  34  3:50  Missile Turret  
  9  4:35  SCV  
  3  4:38  Orbital Command  
  1  5:11  SCV  
  2  5:23  SCV  
  3  5:35  SCV  
  4  5:37  Barracks Tech Lab  
  4  5:39  Marine  
  5  5:47  SCV  
  5  5:49  Barracks Tech Lab  
  6  5:54  Medivac  
  6  5:57  Marine  
  8  5:59  SCV  
  10  6:10  Marauder  
  12  6:11  SCV  
  12  6:12  Marauder  
  12  6:16  Concussive Shells  
  15  6:23  SCV  
  15  6:24  Medivac  
  18  6:36  SCV  
  19  6:48  SCV  
  20  7:00  SCV  
  21  7:12  SCV  
  22  7:17  Marauder  
  22  7:18  Marauder  
  22  7:19  Marine  
  27  7:24  SCV  
  28  7:36  SCV  
  29  7:48  SCV  
  30  8:00  SCV  
  31  8:11  Supply Depot  
  32  8:12  SCV  
  32  8:24  SCV  
  33  8:35  Supply Depot  
  33  9:09  SCV  
  34  9:26  SCV  
  35  9:31  Supply Depot  
  35  9:38  SCV  
  36  9:48  Terran Ship Weapons Level 1  
  36  9:51  SCV  
  37  10:03  SCV  
  37  10:05  Command Center  
  38  10:09  Command Center  
  38  10:15  SCV  
  38  10:17  Starport  
  39  10:23  Starport  
  39  10:27  SCV  
  39  10:28  Fusion Core  
  40  10:39  SCV  
  40  10:51  SCV  
  41  11:00  Starport Tech Lab  
  41  11:03  SCV  
  42  11:04  Supply Depot  
  42  11:05  Supply Depot  
  41  11:29  SCV  
  42  11:41  SCV  
  43  11:53  SCV  
  44  12:05  SCV  
  45  12:17  SCV  
  45  12:18  Battlecruiser  
  45  12:19  Battlecruiser x2  
  64  12:29  SCV  
  65  12:41  SCV  
Tags
 
Add a new tag
Caveats
  • Supply blocks, unpowered buildings, or Contaminate may cause inaccurate times.
  • Supply counts are checked every 10 seconds.